 Dungeon Crawl Stone Soup version 0.23-a0-163-g800ba1ec23 (webtiles) character file.

1233 Napalmbreeze the Changer (level 8, 0/67 HPs)
             Began as a Red Draconian Transmuter on Sept 9, 2018.
             Was a Priest of Ru.
             Splashed by a jelly's acid (9 damage)
             ... on level 6 of the Dungeon.
             The game lasted 00:30:38 (7818 turns).

Napalmbreeze the Changer (Red Draconian Transmuter) Turns: 7818, Time: 00:30:40

Health: 0/67       AC: -5    Str: 13    XL:     8   Next: 24%
Magic:  14/14      EV: 11    Int: 15    God:    Ru [***...]
Gold:   242        SH:  0    Dex: 12    Spells: 4/15 levels left

rFire    + . .     SeeInvis .   a - +0 dagger (venom)
rCold    . . .     Gourm    .   (no shield)
rNeg     . . .     Faith    .   (armour unavailable)
rPois    .         Spirit   .   (helmet restricted)
rElec    .         Reflect  .   i - +0 cloak
rCorr    .         Harm     +   (no gloves)
MR       .....                  (no boots)
Stlth    +.........             k - amulet of harm
HPRegen  0.21/turn              (no ring)
MPRegen  0.14/turn              (no ring)

@: corroded
A: breathe fire, unfitting armour, fire resistance 1, cold-blooded, hated by
all, inability to train dodging, AC +6
a: Breathe Fire, Draw Out Power, Renounce Religion


You were on level 6 of the Dungeon.
You worshipped Ru.
Ru was most pleased with you.
You were very hungry.

You visited 1 branch of the dungeon, and saw 6 of its levels.

You collected 242 gold pieces.

Inventory:

Hand Weapons
 a - a +0 dagger of venom (weapon)
Missiles
 b - 8 javelins of penetration (quivered)
 v - 29 arrows
Armour
 i - a +0 cloak (worn)
 l - a +0 shield
Jewellery
 k - an amulet of harm (around neck)
Scrolls
 d - 2 scrolls of magic mapping
 e - 3 scrolls of remove curse
 f - 2 scrolls of blinking {unknown}
 h - 5 scrolls of teleportation
 m - a scroll of random uselessness {unknown}
 n - a scroll of enchant weapon {unknown}
 r - 4 scrolls of identify
 u - a scroll of enchant armour {unknown}
Potions
 g - 2 potions of invisibility {unknown}
 j - a potion of might {unknown}
 o - a potion of heal wounds {unknown}
 p - 3 potions of curing {unknown}
 q - a potion of brilliance {unknown}
 t - a potion of flight {unknown}
Comestibles
 c - 4 rations


   Skills:
 + Level 4.8 Fighting
 + Level 5.3 Unarmed Combat
 + Level 4.4 Spellcasting
 * Level 6.5 Transmutations


You had 4 spell levels left.
You knew the following spells:

 Your Spells              Type           Power        Failure   Level  Hunger
a - Beastly Appendage     Tmut           ###...       1%          1    None
d - Spider Form           Tmut/Pois      ##........   14%         3    ###....
f - Blade Hands           Tmut           ###.......   32%         5    ######.
s - Sticks to Snakes      Tmut           ###.....     1%          2    ##.....

Your spell library contained the following spells:

 Spells                   Type           Power        Failure   Level  Hunger
 Shock                    Conj/Air       #...         17%         1    None
 Swiftness                Chrm/Air       #.......     26%         2    ##.....
 Ice Form                 Ice/Tmut       ##......     41%         4    ####...
 Static Discharge         Conj/Air       #.......     45%         3    ###....
 Airstrike                Air            #.........   86%         4    ####...
 Lightning Bolt           Conj/Air       #.........   99%         5    ######.


Dungeon Overview and Level Annotations

Branches:
Dungeon (6/15)             Temple (0/1) D:5

Altars:
Fedhas
Gozag
Ru
Uskayaw
Xom
Zin


Innate Abilities, Weirdness & Mutations

You can breathe blasts of fire.
Your fiery red scales are hard. (AC +6)
You cannot fit into any form of body armour.
Your flesh is heat resistant. (rF+)
You are cold-blooded and may be slowed by cold attacks.
You are hated by all.
You cannot train Dodging skill.


Message History

You are splashed with acid!
The acid burns!
You barely miss the jelly.
The jelly is moderately wounded.
The jelly hits you.
You are splashed with acid!
The acid burns!
You focus your will and illuminate the jelly in retribution!
You hit the jelly but do no damage.
Your hands burn!
You tail-slap the jelly.
The jelly is heavily wounded.
The jelly hits you.
You are splashed with acid!
The acid burns!
* * * LOW HITPOINT WARNING * * *
You hit the jelly but do no damage.
The jelly is poisoned.
Your hands burn!
* * * LOW HITPOINT WARNING * * *
The jelly is moderately wounded.
The jelly barely misses you.
You hit the jelly but do no damage.
Your hands burn!
* * * LOW HITPOINT WARNING * * *
The jelly is moderately wounded.
The jelly hits you.
* * * LOW HITPOINT WARNING * * *
The acid corrodes you!
You are splashed with acid!
The acid burns!
You die...

#.# #.# ##.## ##+##
##...## ##...##
#.....## ##.....#
#...#.## ##.......
##.#...####........
#J.......+........
####@#...####........
#.......## ##.......
#.##.##.# ##.....#
#.##.##.# ##...##
#.##.##.##### ##'##
#.##........# #)#
#.##.##.###.# #.#
#.......# #.# ##.###
####.#### #.# ##<....


You could see a jelly.

Vanquished Creatures
  An ice beast (D:5)
  A phantom (D:5)
  A sky beast (D:5)
  4 ogres (D:4)
  A scorpion (D:4)
  A crimson imp (D:5)
  A bullfrog zombie (D:6)
  2 hounds (D:5)
  2 orc wizards (D:3)
  An iguana (D:5)
  Jessica (D:3)
  Natasha (D:3)
  3 worker ants (D:5)
  Terence (D:2)
  A howler monkey skeleton (D:4)
  7 adders
  A shadow imp (D:5)
  An ooze (D:1)
  An adder skeleton (D:6)
  4 dart slugs
  3 leopard geckos
  12 orcs
  4 giant cockroaches
  7 hobgoblins
  4 quokkas
  14 bats
  7 frilled lizards
  A giant cockroach zombie (D:5)
  6 goblins
  8 kobolds
  2 leopard gecko zombies
  12 rats
116 creatures vanquished.

Vanquished Creatures (collateral kills)
  An orc wizard (D:2)
  A leopard gecko (D:3)
  2 orcs (D:3)
  A giant cockroach (D:2)
  2 goblins
  A rat (D:1)
8 creatures vanquished.

Grand Total: 124 creatures vanquished

Notes
Turn   | Place    | Note
-------+----------+-------------------------------------------
     0 | D:1      | Napalmbreeze the Draconian Transmuter began the quest for
                  | the Orb.
     0 | D:1      | Reached XP level 1. HP: 16/16 MP: 3/3
   301 | D:1      | Reached XP level 2. HP: 23/23 MP: 3/5
   752 | D:1      | Reached XP level 3. HP: 14/29 MP: 6/6
   957 | D:1      | Learned a level 2 spell: Sticks to Snakes
  1689 | D:2      | Reached skill level 3 in Transmutations
  1689 | D:2      | Reached XP level 4. HP: 21/36 MP: 1/7
  2231 | D:2      | Found a shimmering altar of Xom.
  2335 | D:2      | Found a sacrificial altar of Ru.
  2348 | D:2      | Became a worshipper of Ru the Awakened
  2464 | D:2      | Noticed Terence
  2471 | D:2      | Killed Terence
  2597 | D:3      | Reached XP level 5. HP: 42/42 MP: 9/9
  2820 | D:3      | Reached skill level 4 in Transmutations
  3375 | D:3      | Noticed Jessica
  3399 | D:3      | Killed Jessica
  3399 | D:3      | Reached XP level 6. HP: 48/51 MP: 7/10
  3651 | D:3      | Found a blossoming altar of Fedhas.
  3699 | D:3      | Noticed Natasha
  3713 | D:3      | Killed Natasha
  4069 | D:4      | Learned a level 3 spell: Spider Form
  4180 | D:4      | Gained mutation: You are hated by all. [Ru sacrifice]
  4180 | D:4      | Reached * piety under Ru
  4379 | D:4      | Found a glowing silver altar of Zin.
  5008 | D:4      | Found an opulent altar of Gozag.
  5099 | D:4      | Reached skill level 5 in Transmutations
  5099 | D:4      | Your scales start taking on a fiery red colour.
  5099 | D:4      | Reached XP level 7. HP: 23/58 MP: 12/12
  5099 | D:4      | Gained mutation: Your flesh is heat resistant. (rF+) [Red
                  | Draconian growth]
  5609 | D:4      | Found a hide-covered altar of Uskayaw.
  5609 | D:4      | Noticed a dagger
  5609 | D:4      | Noticed a hand axe
  5956 | D:5      | Entered Level 5 of the Dungeon
  6171 | D:5      | Found a staircase to the Ecumenical Temple.
  6536 | D:5      | Learned a level 5 spell: Blade Hands
  6666 | D:5      | Reached skill level 5 in Unarmed Combat
  7071 | D:5      | Reached skill level 6 in Transmutations
  7200 | D:5      | Reached XP level 8. HP: 40/67 MP: 8/14
  7747 | D:6      | Gained mutation: You cannot train Dodging skill. [Ru
                  | sacrifice]
  7747 | D:6      | Reached ** piety under Ru
  7747 | D:6      | Reached *** piety under Ru
  7818 | D:6      | Splashed by a jelly's acid

Vault maps used:
D:1:      onia_arrival_larder
D:2:      hangedman_ru_absence, old_standard_altar, uniq_terence
D:3:      grunt_ministairs_14, fedhas_altar_4, uniq_jessica, uniq_natasha
D:4:      dancing_weapons_uskayaw, lemuel_crystal_altar, marbit_many_paths,
          first_ration
D:5:      minmay_temple_entry_mist
D:6:      minmay_misc_feat_doors

Skill      XL: |  1  2  3  4  5  6  7  8 |
---------------+-------------------------+-----
Fighting       | 2 3 4 |  4.8
Transmutations | 3 4 5 6 |  6.5
Spellcasting   | 3 4 |  4.4
Unarmed Combat | 4 5 |  5.3
Dodging        | 0 |  0.0

Action                   |  1- 3 |  4- 6 |  7- 9 || total
-------------------------+-------+-------+-------++-------
Melee: Unarmed           |    48 |       |    27 ||    75
       Tailslap          |    18 |    22 |    12 ||    52
       Punch             |     2 |     2 |     3 ||     7
       Club              |    42 |       |       ||    42
       Headbutt          |     1 |     2 |       ||     3
       Dagger            |    24 |   173 |   106 ||   303
       Short sword       |    20 |       |       ||    20
       Kick              |       |    12 |     2 ||    14
 Fire: Hunting sling     |       |     2 |       ||     2
Throw: Javelin           |       |       |     8 ||     8
 Cast: Beastly Appendage |     4 |     7 |     2 ||    13
       Sticks to Snakes  |     4 |     6 |     1 ||    11
       Spider Form       |       |       |     4 ||     4
       Blade Hands       |       |       |     1 ||     1
Invok: Sacrifice Love    |       |     1 |       ||     1
       Sacrifice Nimblen |       |       |     1 ||     1
 Abil: Breathe Fire      |       |       |     3 ||     3
  Use: Scroll            |       |     4 |       ||     4
 Stab: Sleeping          |     3 |     3 |       ||     6
       Distracted        |     1 |       |       ||     1
  Eat: Chunk             |     3 |     7 |     3 ||    13
       Ration            |       |     1 |     2 ||     3
Armor: Skin              |    47 |    54 |    38 ||   139
Dodge: Dodged            |    97 |   115 |    85 ||   297

Table legend:
 A = Non-vault XP
 B = Vault XP
 C = Vault XP percentage of total XP
 D = Non-vault monster count
 E = Vault monster count
 F = Vault count percentage of total count
                 A         B        C        D         E       F
            +---------+---------+-------+---------+---------+-------
      Total |    1638 |     124 |   7.0 |     111 |      13 |  10.5
            +---------+---------+-------+---------+---------+-------
        D:1 |      52 |       9 |  14.8 |      26 |       7 |  21.2
        D:2 |     101 |      30 |  22.9 |      22 |       1 |   4.3
        D:3 |     175 |      72 |  29.1 |      34 |       4 |  10.5
        D:4 |     569 |      13 |   2.2 |       6 |       1 |  14.3
        D:5 |     678 |       0 |   0.0 |      19 |       0 |   0.0
        D:6 |      63 |       0 |   0.0 |       4 |       0 |   0.0
            +---------+---------+-------+---------+---------+-------
